 Dungeon Crawl Stone Soup version 0.21.0-24-g2553a33 (webtiles) character file.

182 Inarius the Chiller (level 5, 0/39 HPs)
             Began as a Draconian Ice Elementalist on Jan 19, 2018.
             Was an Initiate of Vehumet.
             Slain by a bullfrog zombie (1 damage)
             ... on level 4 of the Dungeon.
             The game lasted 00:04:39 (2355 turns).

Inarius the Chiller (Draconian Ice Elementalist)    Turns: 2355, Time: 00:04:40

Health: 0/39       AC:  5    Str: 10    XL:     5   Next: 34%
Magic:  3/9        EV: 12    Int: 16    God:    Vehumet [......]
Gold:   116        SH:  0    Dex: 12    Spells: 2/10 levels left

rFire    + . .     SeeInvis .   c - +2 dagger (drain)
rCold    + . .     Gourm    .   (no shield)
rNeg     . . .     Faith    .   (armour unavailable)
rPois    .         Spirit   .   (helmet restricted)
rElec    .         Reflect  .   t - scarf {rC+ rF+}
rCorr    .         Harm     .   (no gloves)
MR       +....                  (no boots)
Stlth    +++.......             (no amulet)
HPRegen  0.13/turn              f - ring of stealth
MPRegen  0.11/turn              l - ring of protection from magic

@: no status effects
A: unfitting armour, cold-blooded, AC +5
a: Renounce Religion


You were on level 4 of the Dungeon.
You worshipped Vehumet.
Vehumet was noncommittal.
You were not hungry.

You visited 1 branch of the dungeon, and saw 4 of its levels.

You collected 116 gold pieces.

Inventory:

Hand Weapons
 c - a +2 dagger of draining (weapon)
 v - a +1 short sword of venom
Armour
 t - a scarf of resistance (worn)
Jewellery
 f - a ring of stealth (left hand)
 l - a ring of protection from magic (right hand)
Wands
 w - a wand of flame (26)
Scrolls
 d - a scroll of amnesia {unknown}
 e - a scroll of blinking {unknown}
 i - 3 scrolls of immolation {unknown}
 k - 3 scrolls of identify {unknown}
 m - 2 scrolls of enchant weapon {unknown}
 n - a scroll of noise {unknown}
 r - 2 scrolls of enchant armour {unknown}
 s - a scroll of remove curse {unknown}
 u - 4 scrolls of teleportation {unknown}
Potions
 g - a potion of curing {unknown}
 j - a potion of brilliance {unknown}
 p - a potion of might {unknown}
 q - a potion of ambrosia {unknown}
 x - a potion of degeneration {unknown}
Books
 a - a book of Frost

   Spells                             Type                      Level
   a - Freeze                         Ice                          1
   b - Throw Frost                    Conjuration/Ice              2
   c - Ozocubu's Armour               Charms/Ice                   3
   d - Throw Icicle                   Conjuration/Ice              4
   e - Summon Ice Beast               Ice/Summoning                4
Comestibles
 b - 7 rations
 h - 2 chunks of flesh


   Skills:
 + Level 0.3 Fighting
 - Level 0.4 Short Blades
 + Level 2.0 Dodging
 - Level 1.7 Stealth
 + Level 3.2 Spellcasting
 * Level 1.3 Conjurations
 * Level 5.0 Ice Magic


You had 2 spell levels left.
You knew the following spells:

 Your Spells              Type           Power        Failure   Level  Hunger
a - Freeze                Ice            ###.         2%          1    None
b - Ozocubu's Armour      Chrm/Ice       ##......     19%         3    ###....
c - Throw Icicle          Conj/Ice       ##......     43%         4    ####...


Dungeon Overview and Level Annotations

Branches:
Dungeon (4/15)
 Temple: D:4-7

Altars:
Vehumet


Innate Abilities, Weirdness & Mutations

Your plain brown scales are hard. (AC +5)
You cannot fit into any form of body armour.
You are cold-blooded and may be slowed by cold attacks.


Message History

A film of ice covers your body! The bullfrog zombie closely misses you.
You barely miss the bullfrog zombie.
The bullfrog zombie is severely damaged.
The bullfrog zombie closely misses you.
You hit the bullfrog zombie.
Your tail-slap misses the bullfrog zombie.
The bullfrog zombie is severely damaged.
The bullfrog zombie barely misses you. The bullfrog zombie hits you.
* * * LOW HITPOINT WARNING * * *
You hit the bullfrog zombie.
The bullfrog zombie is almost destroyed.
The bullfrog zombie hits you.
* * * LOW HITPOINT WARNING * * *
The bullfrog zombie misses you.
It was a potion of cancellation.
Your magical effects are unravelling.
You feel magically purged.
Your icy armour evaporates.
The bullfrog zombie hits you.
You die...

##.###.##
#.#######
#.......#
#.#
#.######..#
#.# #.
#..#####.#
#.
#........#
#.
#.########
#. #.# #5
#.#
#.######@#
#......Z.#
#..#######
#..).#
####.# #.#
#.# #.# #.#


You could see a bullfrog zombie.

Vanquished Creatures
  A crimson imp (D:3)
  A hound skeleton (D:4)
  7 adders
  2 worms (D:3)
  6 dart slugs
  A leopard gecko (D:3)
  4 orcs (D:3)
  A ball python (D:3)
  7 bats
  4 giant cockroaches
  4 goblins
  6 hobgoblins
  3 kobolds
  A quokka (D:2)
  3 rats
51 creatures vanquished.

Notes
Turn   | Place    | Note
-------+----------+-------------------------------------------
     0 | D:1      | Inarius the Draconian Ice Elementalist began the quest for the Orb.
     0 | D:1      | Reached XP level 1. HP: 14/14 MP: 3/3
   137 | D:1      | Reached XP level 2. HP: 19/20 MP: 5/5
   870 | D:2      | Found a faded altar of an unknown god.
   884 | D:1      | Reached XP level 3. HP: 23/26 MP: 2/6
   932 | D:2      | Reached skill level 4 in Ice Magic
  1334 | D:3      | Reached XP level 4. HP: 33/33 MP: 2/7
  1494 | D:3      | Learned a level 3 spell: Ozocubu's Armour
  1499 | D:3      | Learned a level 4 spell: Throw Icicle
  1589 | D:3      | Found a radiant altar of Vehumet.
  1620 | D:3      | Became a worshipper of Vehumet
  1716 | D:3      | Reached XP level 5. HP: 35/38 MP: 4/9
  2233 | D:4      | Reached skill level 5 in Ice Magic
  2352 | D:4      | HP: 1/39 [bullfrog zombie (6)]
  2355 | D:4      | Slain by a bullfrog zombie

Skill      XL: |  1  2  3  4  5 |
---------------+----------------+-----
Ice Magic      | 4 5 |  5.0
Dodging        | 2 |  2.0
Spellcasting   | 3 |  3.2
Fighting       | |  0.3
Short Blades   | |  0.4
Stealth        | |  1.7
Conjurations   | |  1.3

Action                   |  1- 3 |  4- 6 || total
-------------------------+-------+-------++-------
Melee: Dagger            |    40 |    35 ||    75
       Unarmed           |     3 |       ||     3
       Tailslap          |     3 |     5 ||     8
 Cast: Freeze            |    30 |    30 ||    60
       Ozocubu's Armour  |       |     1 ||     1
  Use: Potion            |       |     1 ||     1
 Stab: Sleeping          |     6 |     8 ||    14
  Eat: Chunk             |     2 |     3 ||     5
Armor: Skin              |    30 |     7 ||    37
Dodge: Dodged            |    42 |    30 ||    72
